 Dungeon Crawl Stone Soup version 0.29-a0-378-gc08b2e8bf8 (webtiles) character file.

Game seed: 13026101429199255512

2906 happo123 the Grappler (level 9, -3/85 HPs)
             Began as a Troll Berserker on May 5, 2022.
             Was a Priest of Trog.
             Engulfed by a cloud of freezing vapour (19 damage)
             ... on level 7 of the Dungeon.
             The game lasted 00:23:13 (4117 turns).

happo123 the Grappler (Troll Berserker)             Turns: 4117, Time: 00:23:13

Health: -3/85      AC:  9    Str: 31    XL:     9   Next: 49%
Magic:  8/8        EV: 10    Int:  3    God:    Trog [***...]
Gold:   259        SH:  0    Dex:  9    Spells: 8/8 levels left

rFire   . . .      SeeInvis .   q - +4 quarterstaff (chaos)
rCold   . . .      Faith    .   (shield currently unavailable)
rNeg    . . .      Spirit   .   a - +0 animal skin
rPois   .          Reflect  .   (helmet restricted)
rElec   .          Harm     .   r - +0 cloak
rCorr   .          Rampage  .   (gloves unavailable)
Will    ++...                   (boots unavailable)
Stlth   ++........              (no amulet)
HPRegen 2.04/turn               h - +4 ring of slaying
MPRegen 0.11/turn               p - +4 ring of protection

@: strong-willed, regenerating
A: large, unfitting armour, claws 3, regeneration 1, shaggy fur 1, tough skin 1
a: Renounce Religion, Berserk, Trog's Hand


You were on level 7 of the Dungeon.
You worshipped Trog.
Trog was most pleased with you.
You visited 1 branch of the dungeon, and saw 7 of its levels.

You collected 259 gold pieces.

Inventory:

Hand Weapons
 m - a +0 arbalest
 q - a +4 quarterstaff of chaos (weapon)
 w - a +4 rapier of venom
 y - a +2 flail of protection
Missiles
 s - 3 boomerangs of dispersal (quivered)
Armour
 a - a +0 animal skin (worn)
 r - a +0 cloak (worn)
Jewellery
 h - a +4 ring of slaying (left claw)
 p - a +4 ring of protection (right claw)
 z - a +6 ring of intelligence
Wands
 j - a wand of paralysis (2)
 o - a wand of iceblast (7)
Scrolls
 b - 4 scrolls of enchant armour
 i - a scroll of acquirement {unknown}
 k - 3 scrolls of silence
 l - a scroll of magic mapping {unknown}
 n - 2 scrolls of poison {unknown}
 u - a scroll of enchant weapon {unknown}
 C - 2 scrolls of torment
 E - a scroll of identify
 F - a scroll of blinking {unknown}
 H - a scroll of vulnerability {unknown}
 I - a scroll of summoning {unknown}
Potions
 c - 2 potions of resistance {unknown}
 d - a potion of haste {unknown}
 e - 2 potions of attraction {unknown}
 f - 2 potions of mutation {unknown}
 g - 3 potions of brilliance
 t - 2 potions of curing
 v - a potion of flight {unknown}
 x - a potion of might {unknown}
 A - a potion of cancellation {unknown}
 B - a potion of berserk rage {unknown}
 D - a potion of ambrosia {unknown}
 G - a potion of invisibility {unknown}
 J - 2 potions of degeneration {unknown}


   Skills:
 + Level 4.6 Fighting
 + Level 5.4 Staves
 + Level 5.0 Dodging
 + Level 1.6 Stealth
 + Level 8.9 Unarmed Combat


You had 8 spell levels left.
You didn't know any spells.
Your spell library was empty.

Dungeon Overview and Level Annotations

Branches:
Dungeon (7/15)
 Temple: D:4-7

Altars:
Gozag
Qazlal


Innate Abilities, Weirdness & Mutations

You are too large for most types of armour.
You have claws for hands.
Your natural rate of healing is unusually fast.
You are covered in fur. (AC +1)
You have tough skin. (AC +1)


Message History

There is an escape hatch in the ceiling here.
There is a stone staircase leading down here.
You see here a +0 trident.
Done exploring.
There is a stone staircase leading down here.
You climb downwards.
Found a club.
There is a stone staircase leading up here.
Found 12 stones.
Found an escape hatch in the floor.
You see here 12 stones.
Found a stone staircase leading down.
E - 2 scrolls of identify (gained 1)
As you read the scroll of identify, it crumbles to dust.
C - 2 scrolls of torment A sky beast comes into view.
You hit the sky beast.
The sky beast is poisoned.
The sky beast is moderately wounded.
The sky beast hits you. The sky beast shocks you.
You bludgeon the sky beast!!
You kill the sky beast!
Trog accepts your kill.
Your life force feels restored.
You see here a sky beast corpse.
HP restored.
You now have 259 gold pieces (gained 13).
Found a stormy altar of Qazlal.
You open the door.
There is an open door here.
Really walk into a travel-excluded area?
You are engulfed in freezing vapours.
You are engulfed in freezing vapours.
You are engulfed in freezing vapours.
You don't know any spells.
Your skin crawls.
You feel strong-willed.
You are engulfed in freezing vapours.
* * * LOW HITPOINT WARNING * * *
You are engulfed in freezing vapours.
You die...

##°#°## ##°#°## ..#
##.#°## ..# ##°#°##
######..# ##°#°##
........# ##°#°##
......#.# ##°#°##
........# ##°#@##
#.....### ##°#°##
..>†....# ##°#°##
...####.# ##°#°##
>..# #.######°#°##
..## #....###°#°##
..# ####.###!#°##
...# #.###/#°##
##.#######.###?#°###


There were no monsters in sight!

Vanquished Creatures
  Pikel (D:4)
  Grinder (D:3)
  A hornet (D:6)
  Sigmund (D:2)
  Eustachio (D:4)
  2 steam dragons
  Menkaure (D:6)
  Edmund (D:4)
  A sky beast (D:7)
  An ogre (D:4)
  2 phantoms
  A bullfrog (D:6)
  2 necrophages (D:6)
  4 scorpions
  4 wights (D:6)
  2 hounds
  Crazy Yiuf (D:4)
  An orc priest (D:5)
  2 orc wizards (D:4)
  Ijyb (D:3)
  An iguana (D:5)
  8 adders
  A white imp (D:6)
  A worm (D:3)
  A dart slug (D:4)
  8 orcs
  8 ball pythons
  5 endoplasms
  2 giant cockroaches (D:3)
  10 goblins
  6 hobgoblins
  4 jackals (D:3)
  A quokka (D:1)
  3 bats
  4 frilled lizards
  4 kobolds
  8 rats
106 creatures vanquished.

Vanquished Creatures (others)
  A plant (D:1)
1 creature vanquished.

Grand Total: 107 creatures vanquished

Notes
Turn   | Place    | Note
-------+----------+-------------------------------------------
     0 | D:1      | happo123 the Troll Berserker began the quest for the Orb.
     0 | D:1      | Reached XP level 1. HP: 22/22 MP: 0/0
   228 | D:1      | Found a faded altar of an unknown god.
   241 | D:1      | Reached XP level 2. HP: 22/29 MP: 1/1
   931 | D:2      | Reached XP level 3. HP: 25/36 MP: 2/2
  1217 | D:2      | Noticed Sigmund
  1225 | D:2      | Killed Sigmund
  1226 | D:2      | Reached skill level 4 in Unarmed Combat
  1226 | D:2      | Reached XP level 4. HP: 45/45 MP: 3/3
  1226 | D:2      | Reached XP level 5. HP: 53/53 MP: 4/4
  1227 | D:2      | Reached ** piety under Trog
  1778 | D:3      | Reached skill level 5 in Unarmed Combat
  1877 | D:3      | Reached XP level 6. HP: 61/61 MP: 5/5
  1878 | D:3      | Noticed Grinder
  1884 | D:3      | Killed Grinder
  1885 | D:3      | Reached skill level 6 in Unarmed Combat
  1941 | D:3      | Noticed Ijyb
  1949 | D:3      | Killed Ijyb
  2125 | D:4      | Found a runed translucent door.
  2126 | D:4      | Noticed Crazy Yiuf
  2130 | D:4      | Killed Crazy Yiuf
  2131 | D:4      | Reached XP level 7. HP: 67/67 MP: 6/6
  2178 | D:4      | Noticed Pikel
  2192 | D:4      | Killed Pikel
  2193 | D:4      | Reached skill level 1 in Staves
  2193 | D:4      | Reached skill level 1 in Stealth
  2193 | D:4      | Reached skill level 8 in Unarmed Combat
  2193 | D:4      | Reached XP level 8. HP: 78/78 MP: 7/7
  2234 | D:4      | Noticed Eustachio
  2242 | D:4      | Killed Eustachio
  2242 | D:4      | Reached *** piety under Trog
  2464 | D:4      | Noticed Edmund
  2469 | D:4      | Killed Edmund
  2505 | D:5      | Entered Level 5 of the Dungeon
  3356 | D:6      | Reached XP level 9. HP: 84/84 MP: 8/8
  3545 | D:6      | Noticed Menkaure
  3550 | D:6      | Killed Menkaure
  3666 | D:6      | Reached skill level 5 in Staves
  3679 | D:6      | Found an opulent altar of Gozag.
  3764 | D:6      | Reached skill level 5 in Dodging
  4089 | D:7      | Found a stormy altar of Qazlal.
  4117 | D:7      | Engulfed by a cloud of freezing vapour

Illustrated notes

Levels and vault maps discovered:
D:1:      onia_arrival_pentagram, layout_basic,
          hellmonk_ecumenical_altar_crossroads, kennysheep_boxes
D:2:      layout_basic, uniq_sigmund
D:3:      layout_basic, uniq_grinder, uniq_ijyb
D:4:      layout_basic, uniq_pikel, uniq_eustachio, uniq_edmund,
          uniq_crazy_yiuf_cottage
D:5:      layout_basic
D:6:      layout_loops_ring, nicolae_gozag_cash_rules_everything_around_me,
          uniq_menkaure
D:7:      lemuel_ice_spiral_2, layout_basic, general_overflow_altar,
          nemelex_dance_club_becter, lemuel_doored_altar

Skill      XL: |  1  2  3  4  5  6  7  8  9 |
---------------+----------------------------+-----
Fighting       | 3 4 |  4.6
Dodging        | 3 4 5 |  5.0
Unarmed Combat | 4 5 6 8 |  8.9
Staves         | 1 3 5 |  5.4
Stealth        | 1 |  1.6

Action                   |  1- 3 |  4- 6 |  7- 9 || total
-------------------------+-------+-------+-------++-------
Melee: Unarmed           |    60 |    67 |       ||   127
       Punch             |       |     1 |       ||     1
       Quarterstaff      |       |       |   135 ||   135
Invok: Berserk           |     1 |     1 |     2 ||     4
       Trog's Hand       |       |       |     3 ||     3
  Use: Scroll            |       |       |     5 ||     5
       Potion            |       |       |     1 ||     1
 Stab: Sleeping          |     1 |       |     1 ||     2
       Distracted        |       |       |     1 ||     1
Armor: Animal skin       |    21 |    26 |    61 ||   108
Dodge: Dodged            |    33 |    36 |    67 ||   136

Table legend: (Time is in decaauts)
 A = Elapsed time spent in this place.
 B = Non-inter-level travel time spent in this place.
 C = Inter-level travel time spent in this place.
 D = Time resting spent in this place.
 E = Time spent auto-exploring this place.
 F = Levels seen in this place.
 G = Mean time per level.
                   A        B        C        D        E       F      G
               +--------+--------+--------+--------+--------+-----+--------+
         Total |   4178 |   3616 |    562 |     80 |   2820 |   7 |  596.9 |
       Dungeon |   4178 |   3616 |    562 |     80 |   2820 |   7 |  596.9 |
               +--------+--------+--------+--------+--------+-----+--------+

Top non-repeatable levels by time:
     D:1: 835 daAuts
     D:6: 822 daAuts
     D:5: 731 daAuts
     D:2: 678 daAuts
     D:3: 581 daAuts
     D:4: 439 daAuts
     D:7: 87 daAuts
